AoeStats
← Chewy

Arabia

509031990Analyzed
4v4 RM · 6d ago on Sep 25, 2026· 52m 36s· 8 players
Game mode
Random Map
Map size
Large (8 player)
Population
200
Speed
Normal
Resources
Standard
Victory
Conquest
Starting age
Dark Age
Ending age
Imperial Age
RankedLock teamsTeams togetherTeam positionsShared explorationLock speedFull tech treeHidden civsTurbo modeCheats
Victory
Defeat
🇨🇳 Cumans · China
1286
+9
🇦🇺 Khitans · Australia
1103
+16
🇨🇳 Persians · China
1100
+16
🇭🇰 Huns · Hong Kong SAR China
1007
+20
🇺🇸 Georgians · United States
1204
-45
🇺🇸 Romans · United States
1163
-43
🇵🇦 Britons · Panama
1025
-12
🇻🇪 Spanish · Venezuela
1016
-12
68877168
4:36 Loom
9:31 Feudal Age
10:49 Double-Bit Axe
13:39 Horse Collar
14:57 Wheelbarrow
25:22 Castle Age
25:29 Gold Mining
25:55 Fishing Lines
26:35 Bow Saw
26:07 Pikeman
26:49 Squires
28:20 Scale Barding Armor
28:16 Scale Mail Armor
28:29 Forging
28:21 Scale Mail Armor
30:29 Chain Mail Armor
30:49 Iron Casting
35:47 Ballistics
35:38 Masonry
38:39 Imperial Age
37:20 Scale Barding Armor
37:36 Hand Cart
37:57 Husbandry
38:08 Bloodlines
38:37 Chain Barding Armor
41:05 Gold Shaft Mining
39:55 Heavy Camel Rider
40:10 Cavalier
41:56 Blast Furnace
41:32 Plate Barding Armor
41:41 Savar
43:11 Heavy Plow
46:08 Two-Man Saw
45:41 Crop Rotation
47:31 Chemistry
47:02 Architecture
48:38 Fletching
49:19 Plate Mail Armor
MegaPanda
8:38 Loom
10:33 Feudal Age
15:25 Forging
16:03 Scale Barding Armor
20:04 Double-Bit Axe
24:16 Castle Age
22:57 Fletching
23:08 Padded Archer Armor
24:19 Elite Skirmisher
25:01 Bodkin Arrow
26:31 Leather Archer Armor
27:38 Bow Saw
27:11 Domestication
29:08 Wheelbarrow
33:37 Husbandry
32:58 Light Cavalry
34:01 Chain Barding Armor
34:16 Iron Casting
34:19 Hand Cart
36:48 Scale Mail Armor
45:11 Imperial Age
43:51 Ballistics
45:19 Capped Ram
46:40 Siege Ram
49:34 Plate Barding Armor
50:16 Chain Mail Armor
49:48 Gambesons
50:03 Squires
49:49 Arson
49:49 Hussar
50:48 Ordo Cavalry
慈溪大头
6:07 Loom
9:11 Feudal Age
10:00 Double-Bit Axe
9:57 Horse Collar
14:47 Wheelbarrow
20:34 Castle Age
19:24 Forging
19:27 Bloodlines
20:35 Scale Barding Armor
20:28 Gold Mining
24:18 Chain Barding Armor
26:54 Iron Casting
26:39 Bow Saw
28:01 Heavy Plow
29:12 Hand Cart
29:33 Gold Shaft Mining
29:15 Stone Mining
34:52 Imperial Age
35:32 Steppe Husbandry
34:56 Elite Steppe Lancer
36:02 Conscription
37:29 Plate Barding Armor
37:55 Blast Furnace
37:30 Cavalier
39:07 Paladin
42:31 Elite Kipchak
43:02 Fletching
43:13 Padded Archer Armor
44:16 Chemistry
42:50 Light Cavalry
43:52 Bodkin Arrow
44:21 Ballistics
44:21 Hussar
50:16 Two-Man Saw
49:49 Crop Rotation
52:00 Parthian Tactics
慈溪牛牛
9:25 Loom
11:47 Feudal Age
17:47 Castle Age
18:04 Wheelbarrow
17:48 Double-Bit Axe
18:41 Horse Collar
21:52 Scale Barding Armor
23:17 Forging
27:56 Bow Saw
28:00 Bloodlines
28:26 Iron Casting
30:23 Pikeman
32:28 Husbandry
32:52 Chain Barding Armor
33:03 Heavy Plow
32:56 Stone Mining
32:56 Gold Mining
33:40 Fletching
33:51 Padded Archer Armor
35:15 Gold Shaft Mining
37:37 Imperial Age
35:36 Leather Archer Armor
36:13 Bodkin Arrow
39:26 Conscription
38:37 Cavalier
39:44 Parthian Tactics
40:29 Paladin
42:46 Plate Barding Armor
43:12 Blast Furnace
43:42 Bracer
46:08 Hand Cart
46:05 Elite Skirmisher
46:50 Scale Mail Armor
48:56 Chemistry
YummyPepperoni
5:17 Loom
5:55 Loom
8:57 Feudal Age
11:04 Double-Bit Axe
11:11 Man-at-Arms
20:24 Castle Age
18:49 Horse Collar
22:13 Long Swordsman
23:05 Scale Mail Armor
23:15 Forging
23:41 Bow Saw
24:17 Fletching
25:02 Bodkin Arrow
31:10 Chain Mail Armor
35:52 Pikeman
36:32 Squires
40:00 Iron Casting
Chewy
7:41 Loom
10:28 Feudal Age
14:11 Castle Age
12:08 Double-Bit Axe
15:09 Scale Barding Armor
16:33 Bow Saw
23:15 Horse Collar
26:47 Forging
30:43 Chain Barding Armor
33:33 Fletching
34:23 Bloodlines
35:23 Husbandry
36:41 Ballistics
36:28 Bodkin Arrow
38:45 Murder Holes
39:02 Masonry
44:57 Wheelbarrow
45:48 Gold Mining
48:27 Hand Cart
51:17 Imperial Age
52:33 Plate Barding Armor
52:33 Iron Casting
52:19 Bracer
53:26 Chemistry
52:18 Cavalier
LuichoX
10:51 Feudal Age
12:04 Loom
16:12 Castle Age
15:56 Double-Bit Axe
18:51 Horse Collar
25:21 Gold Mining
26:59 Husbandry
30:33 Bloodlines
30:27 Padded Archer Armor
35:25 Bow Saw
39:22 Imperial Age
38:41 Leather Archer Armor
39:50 Wheelbarrow
40:09 Elite Conquistador
44:04 Fletching
51:20 Conscription
Diosito
4:59 Loom
10:29 Feudal Age
11:07 Horse Collar
11:20 Double-Bit Axe
14:53 Fletching
15:27 Padded Archer Armor
18:09 Gold Mining
21:27 Wheelbarrow
23:52 Town Watch
28:59 Castle Age
29:04 Crossbowman
29:56 Bodkin Arrow
31:34 Bow Saw
32:08 Ballistics
32:52 Leather Archer Armor
41:39 Imperial Age
42:07 Arbalester
45:25 Bracer
Connection lost

Rejoining the realm…

Still unreachable

The connection could not be restored.

Session expired

The server has moved on; the page needs a fresh start.